 Dungeon Crawl Stone Soup version 0.31-a0-200-gbc41564c69 (webtiles) character file.

Game seed: 6813310966229224314

39 qw the Shooter (level 3, -1/20 HPs)
             Began as a Deep Elf Hunter on June 25, 2023.
             Slain by a jackal (2 damage)
             ... on level 2 of the Dungeon.
             The game lasted 00:00:22 (1114 turns).

qw the Shooter (Deep Elf Hunter)                    Turns: 1114, Time: 00:00:23

Health: -1/20      AC:  4    Str: 10    XL:     3   Next: 26%
Magic:  5/5        EV: 12    Int: 13    God:
Gold:   151        SH:  0    Dex: 18    Spells: 2/2 levels left

rFire   . . .        a - +0 shortbow (heavy)
rCold   . . .        (shield currently unavailable)
rNeg    . . .        c - +0 leather armour
rPois   .            b - +0 helmet
rElec   .            (no cloak)
rCorr   .            (no gloves)
SInv    .            (no boots)
Will    .....        (no amulet)
Stlth   ++           (no ring)
HPRegen 0.23/turn    (no ring)
MPRegen 0.09/turn

%: no passive effects
@: lethally poisoned (-1 -> -4)
A: no striking features
a: no special abilities


You were on level 2 of the Dungeon.
You visited 1 branch of the dungeon, and saw 2 of its levels.

You collected 151 gold pieces.


   Skills:
 - Level 1.5 Fighting
 + Level 6.8 Ranged Weapons
 - Level 2.4 Dodging
 - Level 1.2 Stealth


You had 2 spell levels left.
You didn't know any spells.
Your spell library was empty.

Inventory:

Hand Weapons
 a - a +0 heavy shortbow (weapon)
Armour
 b - a +0 helmet (worn)
 c - a +0 leather armour (worn)
 e - a +0 ring mail
Scrolls
 g - a scroll of enchant weapon {unknown}
Potions
 d - a potion of resistance {unknown}
 f - a potion of curing {unknown}

Dungeon Overview and Level Annotations

Branches:
Dungeon (2/15)

Altars:

Shops:
D:1 :


Message History

The jackal misses you.
You shoot an arrow. The arrow closely misses the jackal.
The jackal closely misses you.
The jackal bites you but does no damage.
The jackal bites you. The jackal barely misses you.
You shoot an arrow. The arrow hits the jackal!
You kill the jackal!
The jackal closely misses you. The jackal bites you.
The adder closely misses you.
You shoot an arrow. The arrow closely misses the adder.
The jackal barely misses you. The adder bites you.
The jackal bites you but does no damage.
The adder barely misses you.
You shoot an arrow. The arrow hits the adder.
The adder is moderately wounded.
The jackal misses you. The adder bites you. The jackal barely misses you.
The adder bites you but does no damage. The jackal closely misses you.
You shoot an arrow. The arrow barely misses the adder.
The adder closely misses you. The jackal completely misses you.
The adder misses you. The jackal bites you.
You shoot an arrow. The arrow misses the adder.
The adder barely misses you. The jackal completely misses you.
The adder barely misses you. The jackal closely misses you.
You shoot an arrow. The arrow hits the adder.
The adder is almost dead.
The adder barely misses you. The jackal closely misses you.
The adder barely misses you. The jackal bites you.
You shoot an arrow. The arrow hits the adder.
The adder is almost dead.
The adder bites you.
You are poisoned.
The adder poisons you!
The jackal bites you but does no damage.
The adder bites you. The jackal closely misses you.
You shoot an arrow. The arrow barely misses the adder.
You feel sick.
The jackal bites you but does no damage.
The adder bites you. The jackal closely misses you.
The adder barely misses you. The jackal bites you.
You die...

#.... ### ##### ####%###
...#####...# ###......#
...........####.........
............##..........
............#...........
...........##...#####...
......h..###....#....#..
......S@..##....#.#)#...
..........##..)#....#...
...........'....#####...
...#.......#............
.. #.......#...........#
. #.......##.........##
######...##......###
##...###+#### #...


You could see an adder and a jackal.

Vanquished Creatures
  An adder (D:2)
  A dart slug (D:1)
  2 ball pythons (D:1)
  An endoplasm (D:1)
  2 giant cockroaches (D:1)
  4 goblins (D:1)
  A hobgoblin (D:2)
  2 jackals (D:2)
  7 bats
  2 frilled lizards (D:1)
  A kobold (D:2)
  3 rats (D:1)
27 creatures vanquished.

Notes
Turn   | Place    | Note
-------+----------+-------------------------------------------
     0 | D:1      | qw the Deep Elf Hunter began the quest for the Orb.
     0 | D:1      | Reached XP level 1. HP: 12/12 MP: 3/3
     0 | D:1      | 0 ||| qw: Version: 0.3-a-22-g0ed2b0b
     0 | D:1      | 0 ||| qw: Game counter: 5528
     0 | D:1      | 0 ||| qw: Melee chars always use a shield: true
     0 | D:1      | 0 ||| qw: God list: Okawaru
     0 | D:1      | 0 ||| qw: Allow faded altars: false
     0 | D:1      | 0 ||| qw: Do Orc after clearing Dungeon:15 true
     0 | D:1      | 0 ||| qw: Do second Lair branch before Depths: true
     0 | D:1      | 0 ||| qw: Lair rune preference: random
     0 | D:1      | 0 ||| qw: Goals: Normal
     0 | D:1      | 0 ||| PLANNING D:1-11
   122 | D:1      | 122 ||| READING scroll labelled SEVAMI ICOCVI.
   123 | D:1      | 123 ||| DROPPING scroll of butterflies.
   301 | D:1      | Reached skill level 6 in Ranged Weapons
   301 | D:1      | Reached XP level 2. HP: 16/16 MP: 4/4
   326 | D:1      | Found Hehuoge's Book Emporium.
   799 | D:1      | 799 ||| UPGRADING to +0 helmet.
   804 | D:1      | 804 ||| DROPPING ring of wizardry.
   805 | D:1      | 805 ||| DROPPING +6 ring of intelligence.
   806 | D:1      | 806 ||| READING scroll labelled BUGUSI YFEBOC.
   807 | D:1      | 807 ||| READING scroll labelled KIAMUNN ANGI.
  1027 | D:2      | Reached XP level 3. HP: 14/20 MP: 5/5
  1114 | D:2      | HP: 5/20 [poisoned by an adder]
  1114 | D:2      | HP: 1/20 [adder (4)]
  1114 | D:2      | Slain by a jackal

Levels and vault maps discovered:
D:1:      minmay_arrival_stair_chambers, layout_loops_corners, serial_shops,
          shop, hangedman_decor_riveting, minmay_gold_behind_fungi
D:2:      layout_basic, kennysheep_potato

Skill      XL: |  1 |
---------------+----+-----
Ranged Weapons | 6 |  6.8
Fighting       | |  1.5
Dodging        | |  2.4
Stealth        | |  1.2

Action                     || total
---------------------------++-------
   Fire: Shortbow          ||    62
    Use: Scroll            ||     3
 Armour: Leather armour    ||     9
  Dodge: Dodged            ||    28

Table legend:
 A = Non-vault XP
 B = Vault XP
 C = Vault XP percentage of total XP
 D = Non-vault monster count
 E = Vault monster count
 F = Vault count percentage of total count
                 A         B        C        D         E       F
            +---------+---------+-------+---------+---------+-------
      Total |      41 |      15 |  26.8 |      25 |       2 |   7.4
            +---------+---------+-------+---------+---------+-------
        D:1 |      31 |       0 |   0.0 |      19 |       0 |   0.0
        D:2 |      10 |      15 |  60.0 |       6 |       2 |  25.0
            +---------+---------+-------+---------+---------+-------
